 Dungeon Crawl Stone Soup version 0.27.1-1-g398f81649c (webtiles) character file.

Game seed: 13339398984550405867

4456 FreshCat the Magician (level 10, -4/63 HPs)
             Began as an Octopode Conjurer on Sept 9, 2021.
             Was an Elder of Okawaru.
             Slain by a killer bee (6 damage)
             ... on level 9 of the Dungeon on Sept 17, 2021.
             The game lasted 01:17:00 (13226 turns).

FreshCat the Magician (Octopode Conjurer)          Turns: 13226, Time: 01:17:02

Health: -4/63      AC:  5    Str: 15    XL:     10   Next: 37%
Magic:  0/20       EV: 13    Int: 22    God:    Okawaru [****..]
Gold:   931        SH:  0    Dex:  7    Spells: 2/23 levels left

rFire    + + .     SeeInvis +   d - +1 short sword (drain)
rCold    + . .     Faith    .   (no shield)
rNeg     + . .     Spirit   +   (helmet restricted)
rPois    +         Reflect  .   l - amulet of guardian spirit
rElec    +         Harm     .   g - ring "Ymolanad" {rN+ Will+ AC+4 Dex-3 SInv}
rCorr    +         Rampage  .   n - ring of protection from fire
Will     +....                  o - ring of see invisible
Stlth    ++++......             w - +6 ring of strength
HPRegen  0.20/turn              (no ring)
MPRegen  0.17/turn              (no ring)
                                (no ring)
                                (no ring)

@: lethally poisoned (-4 -> -10), resistant, flying
A: almost no armour, amphibious, 8 rings, camouflage 1, gelatinous body 1,
(nimble swimmer 1), tentacles
a: Renounce Religion, Heroism


You were on level 9 of the Dungeon.
You worshipped Okawaru.
Okawaru was greatly pleased with you.
You visited 2 branches of the dungeon, and saw 11 of its levels.

You collected 931 gold pieces.

Inventory:

Hand Weapons
 d - a +1 short sword of draining (weapon)
 r - a +1 antimagic dagger
Missiles
 a - 335 stones
 b - 2 boomerangs
 c - 132 arrows
 f - 47 poisoned darts
 u - 4 atropa-tipped darts
Jewellery
 g - the ring "Ymolanad" (left tentacle) {rN+ Will+ AC+4 Dex-3 SInv}
   (You acquired it on level 7 of the Dungeon)

   [ring of protection]

   AC:        It affects your AC (+4).
   Dex:       It affects your dexterity (-3).
   rN:        It protects you from negative energy.
   SInv:      It lets you see invisible.
   Will:      It increases your willpower.
 l - an amulet of guardian spirit (around mantle)
 n - a ring of protection from fire (right tentacle)
 o - a ring of see invisible (on tentacle)
 w - a +6 ring of strength (on tentacle)
Wands
 h - a wand of flame (47)
 i - a wand of polymorph (3)
 m - a wand of iceblast (4)
Scrolls
 k - a scroll of amnesia
 q - 2 scrolls of silence {unknown}
 s - a scroll of fear {unknown}
 t - a scroll of brand weapon {unknown}
 v - a scroll of identify
 x - a scroll of fog {unknown}
 y - a scroll of torment {unknown}
Potions
 p - a potion of might


   Skills:
 + Level 3.9 Fighting
 + Level 3.6 Short Blades
 + Level 5.7 Dodging
 + Level 6.6 Stealth
 + Level 7.3 Spellcasting
 - Level 6.0 Conjurations
 + Level 3.5 Translocations
 + Level 4.1 Air Magic
 + Level 5.1 Poison Magic
 + Level 1.5 Invocations
 + Level 1.6 Evocations


You had 2 spell levels left.
You knew the following spells:

 Your Spells              Type           Power      Damage    Failure   Level
a - Magic Dart            Conj           100%       1d8       1%          1
b - Searing Ray           Conj           68%        3d5       1%          2
c - Blink                 Tloc           N/A        N/A       2%          2
d - Dazzling Flash        Conj/Hex       42%        N/A       7%          3
e - Poisonous Vapours     Pois/Air       56%        N/A       1%          2
f - Spider Form           Tmut/Pois      9%         N/A       9%          3
g - Ignite Poison         Fire/Tmut/Pois 15%        N/A       12%         3
h - Lightning Bolt        Conj/Air       15%        1d29      28%         5

Your spell library contained the following spells:

 Spells                   Type           Power      Damage    Failure   Level
 Static Discharge         Conj/Air       30%        N/A       1%          2
 Mephitic Cloud           Conj/Pois/Air  30%        N/A       3%          3
 Iskenderun's Mystic Bla  Conj/Tloc      29%        2d7       11%         4
 Portal Projectile        Hex/Tloc       30%        N/A       12%         3
 Call Canine Familiar     Summ           8%         N/A       24%         3
 Fulminant Prism          Conj/Hex       10%        3d9       24%         4
 Manifold Assault         Tloc           23%        N/A       45%         5
 Alistair's Intoxication  Tmut/Pois      12%        N/A       58%         5
 Leda's Liquefaction      Hex/Erth       4%         N/A       63%         4
 Eringya's Noxious Bog    Tmut/Pois      9%         N/A       99%         6
 Storm Form               Tmut/Air       8%         N/A       100%        7
 Maxwell's Capacitive Co  Air            13%        ∞         100%        8


Dungeon Overview and Level Annotations

Branches:
Dungeon (10/15)            Temple (1/1) D:7
   Lair: D:8-11         Orc: D:9-12

Altars:
Cheibriados
Gozag
Okawaru
Qazlal
Sif Muna
Uskayaw
Wu Jian
Xom
Zin

Shops:
D:1 (   D:9 (

Annotations:
D:4 exclusions: downstairs and upstairs
D:5 exclusions: black bear and downstairs, Menkaure
D:6 Harold
D:7 exclusions: 2 downstairs and upstairs
D:8 exclusion: 6 centaurs
D:9 exclusions: troll and yak


Innate Abilities, Weirdness & Mutations

You cannot wear most types of armour.
You are amphibious.
You can wear up to eight rings at the same time.
Your skin changes colour to match your surroundings (Stealth+).
Your rubbery body absorbs attacks. (AC +1, EV +1)
((You are camouflaged near water. (Stealth+)))
You have tentacles for arms and can constrict up to eight enemies at once.


Message History

Casting: Dazzling Flash (dangerous; 7% risk of failure)
Confirm with . or Enter, or press ? or * to list all spells.
Aiming: Magic Dart (safe; 1% risk of failure)
Press: ? - help, Shift-Dir - straight line, f/p - killer bee
Aim: a killer bee (almost dead, blind, 100% to hit)
The magic dart hits the killer bee.
The killer bee is almost dead.
You feel sick. The killer bee stings you.
You are more poisoned.
The killer bee poisons you! The killer bee closely misses you.
You feel sick.
The killer bee buzzes angrily.
You hit the killer bee.
You kill the killer bee!
Okawaru accepts your kill.
You feel sick.
You feel sick.
You feel sick. The killer bee closely misses you.
Your magical contamination has completely faded away.
You barely miss the killer bee. Your grab misses the killer bee.
The killer bee is almost dead.
You feel sick. The killer bee misses you. The killer bee stings you!
* * * LOW HITPOINT WARNING * * *
The killer bee stings you.
* * * LOW HITPOINT WARNING * * *
The killer bee closely misses you.
It was a potion of flight.
You feel very buoyant.
You fly up into the air.
You feel sick. The killer bee closely misses you. x2
The killer bee stings you!
* * * LOW HITPOINT WARNING * * *
You are lethally poisoned!
The killer bee poisons you! The killer bee closely misses you.
It was a potion of resistance.
You feel protected.
* * * LOW HITPOINT WARNING * * *
You feel sick.
The killer bee stings you but does no damage.
The killer bee stings you.
You die...

#.######### #.. #.#.#..# ###.
..###########..##.#.#..# ...
.......................#...
....................#..#.###.
.............................
##.#.###### .............##.
##.#.# #..# #>y....... ##.#.#
#..# ##†#......
##.#.##########.@####.#.#####
................yy...........
#................##.#.#......
..............##.##.#.#..####
#..####.#####..#....... .#
#..####.### #..####.......
#.........###..####...##..#
#................##.... ...
#..####.##.##..#.##...## .#


You could see 2 killer bees.

Vanquished Creatures
  A hornet (D:8)
  A shadow (D:9)
  10 yaks
  A tarantella (shapeshifter) (D:8)
  2 orc warriors
  2 ice beasts
  A black bear (D:5)
  An ogre (D:7)
  2 centaurs
  Blork the orc (D:5)
  3 bullfrogs
  A wyvern zombie (D:8)
  2 scorpions
  2 water moccasin zombies
  8 killer bees
  A howler monkey (D:8)
  4 hounds
  An orc priest (D:7)
  4 jellies
  3 bullfrog skeletons
  4 iguanas
  Jessica (D:2)
  A centaur skeleton (D:3)
  5 orc wizards
  A hound skeleton (D:4)
  A river rat (D:3)
  7 adders
  A white imp (D:6)
  2 ufetubi
  4 worms
  A dart slug (D:4)
  21 orcs
  7 endoplasms
  5 giant cockroaches
  3 goblins
  4 hobgoblins
  5 jackals
  5 quokkas
  6 ball pythons
  5 bats
  6 frilled lizards
  9 kobolds
  8 rats
163 creatures vanquished.

Notes
Turn   | Place    | Note
-------+----------+-------------------------------------------
     0 | D:1      | FreshCat the Octopode Conjurer began the quest for the Orb.
     0 | D:1      | Reached XP level 1. HP: 11/11 MP: 3/3
   533 | D:1      | Reached XP level 2. HP: 17/17 MP: 5/5
   570 | D:1      | Found a faded altar of an unknown god.
   580 | D:1      | Became a worshipper of Warmaster Okawaru
   580 | D:1      | Reached * piety under Okawaru
   742 | D:2      | Noticed Jessica
   779 | D:1      | Learned a level 2 spell: Searing Ray
  1091 | D:1      | Learned a level 2 spell: Blink
  1142 | D:1      | Reached XP level 3. HP: 13/21 MP: 0/6
  1413 | D:1      | Found Runtayga's Antique Weapon Emporium.
  1755 | D:2      | Found a hide-covered altar of Uskayaw.
  1853 | D:3      | Found a shimmering blue altar of Sif Muna.
  1905 | D:3      | Reached XP level 4. HP: 25/27 MP: 3/7
  2016 | D:3      | Reached skill level 5 in Conjurations
  2204 | D:3      | Reached XP level 5. HP: 31/31 MP: 0/8
  2742 | D:2      | Killed Jessica
  2743 | D:2      | Reached skill level 1 in Short Blades
  3585 | D:3      | Found an ornate altar of the Wu Jian Council.
  3702 | D:3      | HP: 1/32 [poisoned by a scorpion]
  4044 | D:4      | Reached XP level 6. HP: 29/37 MP: 8/10
  4151 | D:5      | Entered Level 5 of the Dungeon
  4202 | D:4      | Reached ** piety under Okawaru
  4203 | D:4      | Reached skill level 3 in Spellcasting
  4393 | D:4      | Found an opulent altar of Gozag.
  4677 | D:4      | Reached skill level 1 in Fighting
  4993 | D:4      | Identified a scroll of acquirement
  4994 | D:4      | Acquired the Grimoire of Intoxication
  5000 | D:4      | Learned a level 3 spell: Dazzling Flash
  5003 | D:4      | Learned a level 2 spell: Poisonous Vapours
  5256 | D:5      | Reached skill level 5 in Stealth
  5527 | D:5      | Found a snail-covered altar of Cheibriados.
  5580 | D:5      | Reached XP level 7. HP: 37/43 MP: 10/12
  5648 | D:5      | Noticed Blork the orc
  5665 | D:5      | Killed Blork the orc
  5985 | D:5      | Reached skill level 4 in Spellcasting
  6398 | D:5      | Noticed Menkaure
  6608 | D:5      | Reached skill level 1 in Translocations
  6823 | D:5      | Found a shimmering altar of Xom.
  6976 | D:5      | Reached skill level 1 in Air Magic
  7087 | D:5      | Acquired 455 gold pieces
  7158 | D:5      | Reached *** piety under Okawaru
  7159 | D:5      | Reached XP level 8. HP: 31/50 MP: 13/15
  7789 | D:6      | Found an iron altar of Okawaru.
  7945 | D:7      | Noticed Harold
  8352 | D:8      | Noticed a yak
  8352 | D:8      | Noticed a yak
  8352 | D:8      | Noticed a yak
  8353 | D:8      | Noticed a yak
  8403 | D:7      | Reached skill level 1 in Poison Magic
  8414 | D:7      | Reached skill level 5 in Spellcasting
  9582 | D:7      | Reached XP level 9. HP: 43/56 MP: 3/17
  9783 | D:7      | Found a staircase to the Ecumenical Temple.
  9799 | D:7      | Acquired the ring "Ymolanad" {rN+ Will+ AC+4 Dex-3 SInv}
 10566 | D:8      | Learned a level 3 spell: Spider Form
 10589 | D:8      | Noticed a hornet
 10688 | D:8      | Reached skill level 6 in Spellcasting
 10875 | D:8      | Noticed a cane toad
 10875 | D:8      | a shapeshifter changed into a cane toad
 10891 | Temple   | Entered the Ecumenical Temple
 11196 | D:7      | Reached skill level 1 in Invocations
 11369 | D:8      | Reached skill level 1 in Evocations
 11435 | D:8      | Found a glowing silver altar of Zin.
 11990 | D:9      | Reached **** piety under Okawaru
 12033 | D:9      | Reached XP level 10. HP: 13/63 MP: 3/20
 12360 | D:8      | Reached skill level 7 in Spellcasting
 12441 | D:8      | Learned a level 3 spell: Ignite Poison
 12776 | D:9      | Found Siagy's Antique Weapon Shoppe.
 12870 | D:8      | Reached skill level 5 in Dodging
 12950 | D:8      | Learned a level 5 spell: Lightning Bolt
 13191 | D:10     | Entered Level 10 of the Dungeon
 13210 | D:9      | Reached skill level 5 in Poison Magic
 13226 | D:9      | HP: 2/63 [poisoned by a killer bee]
 13226 | D:9      | Slain by a killer bee

Illustrated notes

Levels and vault maps discovered:
D:1:      minmay_arrival_radiant_lines, layout_basic, serial_shops,
          nicolae_shop_trees, shapermc_ecumenical_altar_mp_highgroup
D:2:      layout_rooms, basic_altar, st_stairs_9,
          chequers_serial_rivers_micro_a, minivault_23, uniq_jessica
D:3:      minmay_razor_zed, layout_rooms, tgw_sif, nzn_wu_jian_contemplation,
          portal_sewer_entry_a
D:4:      layout_basic, kennysheep_mini, minmay_crossroads
D:5:      layout_gridville, cheibrodos_worm_habitat, kennysheep_little_box,
          kennysheep_cross_bottleneck, uniq_blork_the_orc, uniq_menkaure
D:6:      layout_rooms, okawaru_gym_becter
D:7:      layout_gridville, minmay_temple_entry_trees, uniq_harold
D:8:      layout_rooms, mainiacjoe_overflow_paths, centaur_isle
D:9:      kennysheep_windowed_halls, layout_basic, serial_shops, shop_statue,
          shop, gammafunk_ghost_smash
D:10:     layout_cave_pools, erik_lair_orcish_takeover, david_orc_2,
          serial_shops, shop, serial_bayou, serial_bayou_ford_a,
          serial_bayou_pond_b, serial_bayou_pond_b, serial_bayou_lake_a,
          serial_bayou_pond_d, serial_bayou_crossing, uniq_erolcha
Temple:   eino_wide_crystal_templ

Skill      XL: |  1  2  3  4  5  6  7  8  9 10 |
---------------+-------------------------------+-----
Stealth        | 3 4 5 6 |  6.6
Conjurations   | 5 6 |  6.0
Short Blades   | 1 2 3 |  3.6
Spellcasting   | 3 4 5 6 7 |  7.3
Fighting       | 1 2 3 |  3.9
Dodging        | 3 4 5 |  5.7
Translocations | 1 3 |  3.5
Air Magic      | 1 3 4 |  4.1
Poison Magic   | 3 4 5 |  5.1
Invocations    | 1 |  1.5
Evocations     | 1 |  1.6

Action                   |  1- 3 |  4- 6 |  7- 9 | 10-12 || total
-------------------------+-------+-------+-------+-------++-------
Melee: Unarmed           |     2 |       |    46 |       ||    48
       Short sword       |     4 |    73 |   139 |    12 ||   228
       Tentacles         |     2 |     7 |    20 |     4 ||    33
       Constrict         |       |    17 |    16 |       ||    33
       Punch             |       |       |     2 |       ||     2
Throw: Dart              |       |     2 |       |       ||     2
 Cast: Magic Dart        |    44 |    75 |    65 |     2 ||   186
       Searing Ray       |       |     7 |    13 |     4 ||    24
       Blink             |       |     3 |    24 |     4 ||    31
       Poisonous Vapours |       |     1 |    39 |    13 ||    53
       Dazzling Flash    |       |       |     1 |     2 ||     3
       Spider Form       |       |       |     4 |       ||     4
Invok: Heroism           |       |       |    12 |       ||    12
Evoke: Wand              |       |       |    15 |     4 ||    19
  Use: Scroll            |       |     7 |     9 |       ||    16
       Potion            |       |     2 |     5 |     3 ||    10
 Stab: Sleeping          |     3 |     6 |     6 |     1 ||    16
Armor: Skin              |       |     5 |    39 |    12 ||    56
Dodge: Dodged            |     5 |    61 |   216 |    28 ||   310
